AoeStats
← LeonTK

African Clearing

504546186Analyzed
4v4 RM · 26d ago on Sep 5, 2026· 57m 8s· 8 players
Game mode
Random Map
Map size
Large (8 player)
Population
200
Speed
Normal
Resources
Standard
Victory
Conquest
Starting age
Dark Age
Ending age
Imperial Age
RankedLock teamsTeams togetherTeam positionsShared explorationLock speedFull tech treeHidden civsTurbo modeCheats
Victory
Defeat
🇮🇳 Khitans · India
1356
+16
🇨🇳 Berbers · China
1351
+16
🇨🇳 Franks · China
1344
+16
🇨🇳 Spanish · China
1242
+21
🇲🇹 Mongols · Malta
1387
-19
🇦🇹 Koreans · Austria
1346
-17
🇨🇴 Khmer · Colombia
1342
-17
🇳🇱 Huns · Netherlands
1321
-16
LeonTK
7:25 Loom
13:22 Feudal Age
15:12 Double-Bit Axe
15:08 Horse Collar
19:20 Castle Age
19:01 Fletching
20:25 Town Watch
23:21 Bodkin Arrow
36:14 Eupseong
36:43 Ballistics
35:50 Elite Skirmisher
42:01 Bow Saw
44:30 Stone Mining
46:28 Wheelbarrow
49:33 Hand Cart
51:09 Scale Mail Armor
51:19 Forging
52:34 Chain Mail Armor
53:31 Iron Casting
55:05 Squires
54:52 Arson
59:58 Imperial Age
proxxi
10:19 Loom
12:39 Feudal Age
14:48 Double-Bit Axe
17:42 Castle Age
16:06 Stone Mining
16:10 Fletching
16:21 Padded Archer Armor
18:35 Bodkin Arrow
26:40 Wheelbarrow
32:22 Bow Saw
33:01 Leather Archer Armor
38:06 Imperial Age
36:09 Ballistics
36:45 Husbandry
37:06 Bloodlines
38:20 Hand Cart
39:06 Bracer
40:03 Conscription
43:10 Chemistry
42:59 Elite Mangudai
45:05 Hoardings
45:59 Masonry
45:45 Murder Holes
46:55 Fortified Wall
Seritzia
11:59 Feudal Age
10:55 Loom
18:10 Castle Age
25:23 Double-Bit Axe
25:29 Horse Collar
26:57 Wheelbarrow
27:38 Forging
27:50 Bloodlines
28:36 Fletching
28:53 Padded Archer Armor
28:29 Elite Skirmisher
31:33 Iron Casting
32:17 Scale Barding Armor
36:06 Bodkin Arrow
36:12 Padded Archer Armor
38:13 Leather Archer Armor
38:30 Chain Barding Armor
40:39 Husbandry
47:59 Bow Saw
48:43 Heavy Plow
53:20 Scale Mail Armor
54:23 Chain Mail Armor
54:41 Man-at-Arms
55:25 Long Swordsman
Joossie
4:26 Loom
9:02 Loom
11:54 Feudal Age
16:27 Castle Age
14:56 Double-Bit Axe
15:59 Scale Barding Armor
16:02 Horse Collar
21:44 Forging
22:16 Wheelbarrow
22:23 Forging
23:48 Husbandry
25:29 Bow Saw
25:58 Fletching
26:16 Padded Archer Armor
26:44 Bodkin Arrow
27:59 Bloodlines
27:44 Town Watch
28:21 Gold Mining
29:45 Thumb Ring
31:51 Ballistics
34:46 Iron Casting
37:19 Heavy Plow
38:44 Chain Barding Armor
41:42 Imperial Age
41:23 Hand Cart
41:29 Marauders
41:42 Stone Mining
43:04 Conscription
43:02 Bracer
43:41 Plate Barding Armor
44:45 Blast Furnace
43:19 Elite Tarkan
44:52 Light Cavalry
46:12 Cavalier
47:39 Squires
47:20 Pikeman
48:39 Scale Mail Armor
51:59 Halberdier
52:59 Chain Mail Armor
54:16 Chemistry
57:38 Parthian Tactics
山水先生
11:02 Loom
13:04 Feudal Age
13:45 Double-Bit Axe
20:14 Castle Age
20:11 Scale Mail Armor
20:26 Forging
21:23 Pikeman
22:55 Bow Saw
33:09 Town Watch
34:00 Wheelbarrow
35:18 Fletching
36:14 Hand Cart
38:54 Imperial Age
36:53 Gold Mining
37:09 Scale Barding Armor
37:40 Iron Casting
38:19 Chain Barding Armor
38:22 Husbandry
40:37 Blast Furnace
38:59 Cavalier
40:43 Plate Barding Armor
41:47 Conscription
44:29 Gold Shaft Mining
43:47 Stone Mining
44:18 Bodkin Arrow
44:26 Paladin
47:03 Chivalry
钓你吗钓
11:36 Loom
13:24 Feudal Age
13:36 Feudal Age
17:38 Castle Age
16:30 Stone Mining
17:30 Gold Mining
19:36 Horse Collar
22:35 Padded Archer Armor
25:47 Husbandry
27:07 Leather Archer Armor
27:37 Bloodlines
29:15 Double-Bit Axe
34:19 Fletching
37:48 Bodkin Arrow
42:11 Wheelbarrow
48:13 Hand Cart
49:22 Scale Barding Armor
50:03 Light Cavalry
53:53 Imperial Age
52:35 Bow Saw
52:51 Heavy Plow
53:28 Stone Shaft Mining
53:29 Chain Barding Armor
53:20 Forging
55:17 Plate Barding Armor
55:42 Iron Casting
54:38 Hussar
llsama
11:38 Loom
14:19 Feudal Age
15:16 Double-Bit Axe
18:13 Castle Age
20:42 Fletching
24:31 Padded Archer Armor
28:00 Gold Mining
28:31 Horse Collar
29:24 Bodkin Arrow
31:57 Bow Saw
32:33 Stone Mining
33:59 Wheelbarrow
36:02 Gold Shaft Mining
36:08 Hand Cart
35:40 Town Watch
40:37 Imperial Age
40:52 Leather Archer Armor
40:47 Forging
40:42 Scale Barding Armor
40:48 Forging
40:53 Capped Ram
42:05 Bloodlines
41:55 Husbandry
41:18 Light Cavalry
42:43 Conscription
42:57 Bracer
44:17 Maghrebi Camels
43:47 Elite Camel Archer
44:30 Maghrebi Camels
43:56 Heavy Camel Rider
45:46 Iron Casting
45:31 Chain Barding Armor
45:46 Iron Casting
46:02 Hussar
56:51 Plate Barding Armor
Void Walker
6:44 Loom
12:37 Feudal Age
13:06 Double-Bit Axe
13:29 Domestication
17:17 Forging
21:08 Wheelbarrow
23:45 Castle Age
23:10 Scale Barding Armor
26:29 Husbandry
29:38 Iron Casting
33:21 Fletching
36:11 Elite Skirmisher
37:50 Bow Saw
38:22 Bodkin Arrow
43:09 Scale Mail Armor
43:13 Gold Mining
44:33 Squires
46:12 Chain Mail Armor
46:49 Stone Mining
51:21 Imperial Age
48:29 Pikeman
49:27 Masonry
49:44 Ballistics
51:10 Chain Barding Armor
51:07 Pastoralism
51:22 Arson
51:27 Elite Fire Lancer
52:44 Plate Mail Armor
52:44 Conscription
52:35 Lamellar Armor
54:02 Hand Cart
54:47 Bracer
56:08 Chemistry
54:44 Light Cavalry
55:39 Gambesons
Connection lost

Rejoining the realm…

Still unreachable

The connection could not be restored.

Session expired

The server has moved on; the page needs a fresh start.